 Dungeon Crawl Stone Soup version 0.28-a0-1080-g05a166d0ed (webtiles) character file.

Game seed: 2369885028784990305

770 ders the Ducker (level 7, -5/27 HPs)
             Began as a Felid Summoner on Dec 9, 2021.
             Was an Initiate of Elyvilon.
             Slain by a sky beast (6 damage)
             ... on level 5 of the Dungeon.
             The game lasted 00:18:45 (7088 turns).

ders the Ducker (Felid Summoner)                    Turns: 7088, Time: 00:18:45

Health: -5/27      AC:  2    Str:  4    XL:     7   Next: 52%
Magic:  9/16       EV: 21    Int: 19    God:    Elyvilon [......]
Gold:   182        SH:  0    Dex: 16    Spells: 8/17 levels left
                                        Lives:  0   Deaths: 2

rFire   + . .      SeeInvis +   (weapon unavailable)
rCold   . . .      Faith    .   (shield unavailable)
rNeg    . . .      Spirit   .   (armour unavailable)
rPois   .          Reflect  .   (helmet unavailable)
rElec   .          Harm     .   (cloak unavailable)
rCorr   +          Rampage  .   (gloves unavailable)
Will    +....                   (boots unavailable)
Stlth   ++........              (no amulet)
HPRegen 0.09/turn               a - ring of protection from fire
MPRegen 0.15/turn               d - ring of resist corrosion

@: quick
A: very small, claws 1, fangs 3, see invisible, speed 1, shaggy fur 2, stealthy
paws, no weapons or thrown items, no armour, multi-lived
a: Renounce Religion


You were on level 5 of the Dungeon.
You worshipped Elyvilon.
Elyvilon was noncommittal.
You visited 2 branches of the dungeon, and saw 6 of its levels.

You collected 182 gold pieces.

Inventory:

Jewellery
 a - a ring of protection from fire (left paw)
 d - a ring of resist corrosion (right paw)
 g - a ring of willpower
Scrolls
 c - a scroll of vulnerability
 f - 2 scrolls of amnesia
 i - a scroll of blinking
 j - a scroll of identify
 k - 2 scrolls of teleportation
Potions
 b - 5 potions of curing
 e - 4 potions of attraction
 h - 2 potions of ambrosia
 l - a potion of brilliance {unknown}


   Skills:
 + Level 7.8 Dodging
 - Level 2.6 Stealth
 + Level 5.5 Spellcasting
 + Level 7.0 Summonings


You had 8 spell levels left.
You knew the following spells:

 Your Spells              Type           Power      Damage    Failure   Level
a - Summon Small Mammal   Summ           100%       N/A       1%          1
b - Call Imp              Summ           31%        N/A       1%          2
c - Call Canine Familiar  Summ           31%        N/A       1%          3
d - Summon Guardian Gole  Hex/Summ       18%        N/A       9%          3

Your spell library contained the following spells:

 Spells                   Type           Power      Damage    Failure   Level
 Ensorcelled Hibernation  Hex/Ice        10%        N/A       19%         2
 Summon Lightning Spire   Summ/Air       18%        N/A       28%         4
 Conjure Flame            Conj/Fire      5%         6-21      34%         3
 Ignite Poison            Fire/Tmut/Pois 5%         N/A       34%         3
 Mephitic Cloud           Conj/Pois/Air  5%         N/A       34%         3
 Tukima's Dance           Hex            5%         N/A       34%         3
 Sticky Flame             Conj/Fire      5%         2d3       75%         4
 Freezing Cloud           Conj/Ice/Air   2%         6-21      97%         5


Dungeon Overview and Level Annotations

Branches:
Dungeon (5/15)             Temple (1/1) D:4

Altars:
Ashenzari
Cheibriados
Dithmenos
Elyvilon
Fedhas
Nemelex Xobeh
Okawaru
Qazlal
Ru
Sif Muna
Vehumet
Wu Jian
Yredelemnul
Zin
The Shining One

Shops:
D:2 =   D:4 *

Annotations:
D:5 Prince Ribbit


Innate Abilities, Weirdness & Mutations

You have sharp claws.
You have razor-sharp teeth.
You have supernaturally acute eyesight. (SInv)
You cover ground quickly. (Speed+)
You are covered in thick fur. (AC +2)
Your paws help you pounce on unaware monsters.
You are incapable of wielding weapons or throwing items.
You cannot wear armour.
You gain extra lives every three experience levels.


Message History

The sky beast closely misses your hound.
Your hound bites the sky beast.
Your hound closely misses the sky beast.
The sky beast hits your hound.
Your hound dies!
Your hound's corpse disappears in a puff of smoke!
Casting: Summon Guardian Golem (quite dangerous; 9% risk of failure)
Confirm with . or Enter, or press ? or * to list all spells.
The sky beast flickers out of sight for a moment.
You swap places.
Your hound completely misses the sky beast.
What are your orders? t - Meow!
Orders for allies: a - Attack new target. p - Attack previous target. r - Retreat! s - Stop attacking. g - Guard the area. f - Follow me.
Anything else - Cancel.
Gang up on whom?
Press: ? - help, Dir - move target, f/p - sky beast
Aim: a sky beast (severely wounded, slightly transparent, ally target) Attack!
Your hound closely misses the sky beast.
Your hound barely misses the sky beast.
The sky beast hits you. The sky beast shocks you.
Your hound bites the sky beast.
You miss the sky beast.
The sky beast is severely wounded.
The sky beast hits you. The sky beast shocks you.
Your hound bites the sky beast.
You scratch the sky beast.
The sky beast is almost dead.
Your hound closely misses the sky beast.
The sky beast hits you. The sky beast shocks you.
* * * LOW HITPOINT WARNING * * *
Your hound bites the sky beast but does no damage.
You miss the sky beast.
The sky beast is almost dead.
The sky beast hits you.
* * * LOW HITPOINT WARNING * * *
The sky beast shocks you.
You die...

..##..#.##.#
#.##.#.###.# ##
###.##......<# ..
...####.#####
.#####.####.#
.##.........# #######
.......###### ##.$...#
.##.##.# #.h9.# .##.##.#
#@Y#...... <......# #..#
..#.# ##F..### #..##..#
#...# #......# #...#
####.###.##
#...########.....## ..
#...#........#..8.## ##
##........##.###....# ..
..........(..#.#..8.#...


You could see a sky beast (invisible, ally target), a friendly guardian golem
(summoned) and a friendly hound (summoned, sheltered).

Vanquished Creatures
  A water moccasin skeleton (D:4)
  A bullfrog zombie (D:5)
  An orc priest (D:4)
  A gnoll (D:4)
  An adder (D:4)
  An orc (D:4)
  A ball python (D:4)
  3 endoplasms
  3 giant cockroaches
  2 goblins
  A frilled lizard (D:2)
  A kobold (D:1)
  5 rats
22 creatures vanquished.

Vanquished Creatures (collateral kills)
  An ogre (D:4)
  A bullfrog (D:5)
  A jelly (D:5)
  2 orc priests (D:4)
  A centaur skeleton (D:5)
  An iguana (D:4)
  Terence (D:3)
  3 orc wizards (D:4)
  Natasha (thrice) (D:3)
  A hound skeleton (D:4)
  5 adders
  A gnoll (D:4)
  An ufetubus (D:4)
  3 worms
  3 dart slugs
  4 orcs
  9 endoplasms
  3 giant cockroaches
  5 goblins
  3 hobgoblins
  2 jackals (D:3)
  A quokka (D:2)
  6 ball pythons
  5 bats
  3 frilled lizards
  6 kobolds
  5 rats
80 creatures vanquished.

Vanquished Creatures (others)
  Grinder (D:5)
  A black bear (D:5)
  An ogre (D:4)
  An iguana (D:4)
  A gnoll shaman (D:4)
  A gnoll (D:4)
  2 orcs
  A demonic plant (D:1)
9 creatures vanquished.

Grand Total: 111 creatures vanquished

Notes
Turn   | Place    | Note
-------+----------+-------------------------------------------
     0 | D:1      | ders the Felid Summoner began the quest for the Orb.
     0 | D:1      | Reached XP level 1. HP: 7/7 MP: 4/4
   353 | D:1      | Reached XP level 2. HP: 11/11 MP: 6/6
   552 | D:1      | Noticed a cacodemon
   556 | D:1      | Found a faded altar of an unknown god.
   748 | D:1      | Learned a level 2 spell: Call Imp
   791 | D:1      | Reached XP level 3. HP: 14/14 MP: 3/7
   795 | D:1      | Learned a level 3 spell: Call Canine Familiar
  1732 | D:2      | Found Meut Hirhetz's Jewellery Shoppe.
  2502 | D:2      | Reached XP level 4. HP: 17/18 MP: 4/9
  2786 | D:3      | Noticed Natasha
  2806 | D:3      | Frozen to death by an endoplasm
  2807 | D:3      | Reached XP level 3. HP: 0/14 MP: 4/8
  2969 | D:3      | Noticed Terence
  2998 | D:3      | Killed Terence
  3095 | D:3      | Killed Natasha
  3096 | D:3      | Reached XP level 4. HP: 16/18 MP: 5/9
  3113 | D:3      | Noticed Natasha
  3122 | D:3      | Killed Natasha
  3123 | D:3      | Reached skill level 5 in Summonings
  3267 | D:3      | Noticed Natasha
  3283 | D:3      | Killed Natasha
  3284 | D:3      | Reached XP level 5. HP: 13/21 MP: 2/11
  3949 | D:4      | Found a staircase to the Ecumenical Temple.
  3958 | D:4      | Noticed an ogre
  4062 | D:4      | Learned a level 3 spell: Summon Guardian Golem
  4122 | D:4      | Reached skill level 5 in Dodging
  4569 | D:4      | Noticed an ogre
  4592 | D:4      | Killed an ogre
  4593 | D:4      | Gained mutation: You are covered in thick fur. (AC +2)
                  | [Felid growth]
  4593 | D:4      | Reached XP level 6. HP: 24/24 MP: 6/13
  4698 | D:4      | Found Ohyf's Fire Supplies.
  5090 | D:4      | Reached XP level 7. HP: 27/27 MP: 6/14
  5275 | D:4      | Found a sparkling altar of Nemelex Xobeh.
  5275 | D:4      | Found a glowing golden altar of the Shining One.
  5561 | D:4      | Found a radiant altar of Vehumet.
  5563 | D:4      | Found a faded altar of an unknown god.
  5565 | D:4      | Found an iron altar of Okawaru.
  5654 | D:5      | Entered Level 5 of the Dungeon
  5911 | D:4      | Killed from afar by an orc
  5912 | D:4      | Reached XP level 6. HP: 0/24 MP: 8/14
  6249 | D:5      | Noticed Grinder
  6280 | D:5      | Killed Grinder
  6281 | D:5      | Reached skill level 5 in Spellcasting
  6281 | D:5      | Reached XP level 7. HP: 27/27 MP: 9/15
  6466 | D:5      | Noticed Prince Ribbit
  6796 | Temple   | Entered the Ecumenical Temple
  6867 | Temple   | Became a worshipper of Elyvilon the Healer
  7060 | D:5      | Found a glowing silver altar of Zin.
  7088 | D:5      | HP: 1/27 [sky beast (4)]
  7088 | D:5      | Slain by a sky beast

Illustrated notes

Levels and vault maps discovered:
D:1:      co_arrival_square_in_a_square_in_a_square, layout_loops_ring,
          dreamdust_ecumenical_altar_sealed_demon
D:2:      layout_rooms, serial_shops,
          nicolae_shop_temple_entry_statues_fountains
D:3:      kennysheep_big_flooded_room, layout_loops_cross, uniq_natasha,
          uniq_terence
D:4:      layout_loops_ring, chequers_temple_overflow_minitemple,
          minmay_temple_entry_tees, nicolae_shop_fire_sale
          [nicolae_sub_dead_trees], chequers_serial_rivers_micro_d
D:5:      minmay_diamond_boxcup, layout_loops_cross,
          nicolae_uskayaw_murder_on_the_dancefloor, zin_statuary,
          uniq_prince_ribbit1, uniq_grinder
Temple:   cyrus_temple_forest

Skill      XL: |  1  2  3  4  5  6  7 |
---------------+----------------------+-----
Dodging        | 3 4 5 7 |  7.8
Spellcasting   | 3 4 5 |  5.5
Summonings     | 5 6 7 |  7.0
Stealth        | |  2.6

Action                   |  1- 3 |  4- 6 |  7- 9 || total
-------------------------+-------+-------+-------++-------
Melee: Unarmed           |    66 |    25 |    47 ||   138
       Bite              |     4 |     1 |     1 ||     6
 Cast: Summon Small Mamm |    71 |    20 |     2 ||    93
       Call Imp          |    12 |    16 |     2 ||    30
       Call Canine Famil |     2 |    20 |    15 ||    37
       Summon Guardian G |       |     7 |     9 ||    16
  Use: Scroll            |       |     5 |     2 ||     7
 Stab: Sleeping          |     3 |     1 |       ||     4
       Distracted        |       |       |     2 ||     2
Armor: Skin              |     9 |     1 |     2 ||    12
Dodge: Dodged            |    87 |    37 |    50 ||   174

Table legend: (Time is in decaauts)
 A = Elapsed time spent in this place.
 B = Non-inter-level travel time spent in this place.
 C = Inter-level travel time spent in this place.
 D = Time resting spent in this place.
 E = Time spent auto-exploring this place.
 F = Levels seen in this place.
 G = Mean time per level.
                   A        B        C        D        E       F      G
               +--------+--------+--------+--------+--------+-----+--------+
         Total |   6504 |   6303 |    201 |   2032 |   2783 |   6 | 1084.0 |
       Dungeon |   6428 |   6244 |    184 |   2032 |   2742 |   5 | 1285.6 |
        Temple |     75 |     59 |     16 |      0 |     41 |   1 |   75.0 |
               +--------+--------+--------+--------+--------+-----+--------+

Top non-repeatable levels by time:
     D:4: 2020 daAuts
     D:2: 1350 daAuts
     D:1: 1268 daAuts
     D:3: 1209 daAuts
     D:5: 580 daAuts
  Temple: 75 daAuts
